[Event "Cracovia Festival-A 2023"]
[Site "Krakow"]
[Date "2023.12.28"]
[Round "2.35"]
[White "Kovalevsky, Stanislav"]
[Black "Cukrowski, Filip"]
[Result "0-1"]
[ECO "B22"]
[WhiteElo "2163"]
[BlackElo "2402"]
[Annotator "ChessBase"]
[PlyCount "118"]
[EventDate "2023.12.24"]
[EventType "swiss"]
[EventCountry "POL"]
[SourceTitle "playchess.com"]
[Source "ChessBase"]
[SourceQuality "1"]
[TimeControl "40/5400+30:1800+30"]

1. e4 c5 2. c3 d6 3. d4 Nf6 4. dxc5 Nc6 5. Qd3 dxc5 6. Qxd8+ Kxd8 7. f3 Kc7 8. Be3 e6 9. Nh3 Be7 10. a4 b6 11. Na3 a6 12. Nc4 e5 13. Ng5 Rf8 14. a5 bxa5 15. Nxa5 h6 16. Nh3 Rb8 17. Nxc6 Kxc6 18. Nf2 Nd7 19. Bxa6 Rxb2 20. O-O Bxa6 21. Rxa6+ Rb6 22. Ra7 Rfb8 23. Rd1 R8b7 24. Ra8 Rb3 25. Rg8 Bf8 26. Bd2 Rb1 27. Kf1 Kd6 28. Ke2 Ke7 29. h4 f6 30. h5 Rxd1 31. Nxd1 Kf7 32. Rh8 Nb6 33. Ne3 Ra7 34. Nf5 Ra2 35. Kd3 c4+ 36. Ke2 Na4 37. Ke1 Nb2 38. Nh4 Nd3+ 39. Kd1 Ra1+ 40. Ke2 Rh1 41. Ng6 Bc5 42. g4 Nb2 43. Rc8 Rh2+ 44. Ke1 Bf2+ 45. Kf1 Nd3 46. Rxc4 Bc5 47. Be1 Ra2 48. f4 Ra5 49. fxe5 fxe5 50. Ke2 Nb2 51. Nxe5+ Ke6 52. Rd4 Kxe5 53. Kf3 Ke6 54. Rd5 Nc4 55. g5 Ne5+ 56. Kf4 hxg5+ 57. Kxg5 Be3+ 58. Kh4 Ra1 59. Bd2 Bxd2 0-1

[Event "Cracovia Festival-A 2023"]
[Site "Krakow"]
[Date "2023.12.28"]
[Round "2.36"]
[White "Pyrig, Roman"]
[Black "Niedbala, Bartlomiej"]
[Result "1/2-1/2"]
[ECO "C11"]
[WhiteElo "2154"]
[BlackElo "2393"]
[Annotator "ChessBase"]
[PlyCount "244"]
[EventDate "2023.12.24"]
[EventType "swiss"]
[EventCountry "POL"]
[SourceTitle "playchess.com"]
[Source "ChessBase"]
[SourceQuality "1"]
[TimeControl "40/5400+30:1800+30"]

1. e4 e6 2. d4 d5 3. Nc3 Nf6 4. Bg5 dxe4 5. Nxe4 Nbd7 6. Nf3 h6 7. Bh4 Be7 8. Nxf6+ Nxf6 9. Bb5+ c6 10. Bd3 Qb6 11. Qc1 c5 12. c3 Bd7 13. dxc5 Qxc5 14. Qe3 Qxe3+ 15. fxe3 Bc5 16. Ke2 Ng4 17. h3 Nf6 18. Ne5 Nd5 19. Rhf1 f6 20. Nxd7 Kxd7 21. Bb5+ Ke7 22. e4 Nc7 23. Bc4 Bd6 24. Rad1 Rhc8 25. Rf3 a6 26. Rfd3 Ne8 27. Bb3 Rc7 28. a4 Be5 29. Bf2 Nd6 30. Bb6 Rc6 31. Ba5 g5 32. Bb4 a5 33. Ba3 h5 34. Bc2 Rg8 35. b4 axb4 36. Bxb4 g4 37. Kf2 b6 38. R3d2 Rd8 39. hxg4 hxg4 40. Rh1 Kf7 41. Rhd1 Bf4 42. Rd4 Be5 43. R4d2 Kg7 44. Ke2 Kf8 45. Bd3 Ke7 46. Bb5 Rcc8 47. c4 Bf4 48. Rd3 Be5 49. a5 bxa5 50. Bxa5 Rh8 51. Bb4 Rcd8 52. Bc6 f5 53. c5 Nf7 54. Rd7+ Kf6 55. exf5 exf5 56. Ba5 Rde8 57. Kd3 Rb8 58. Bd5 Ng5 59. Bb6 g3 60. Kc4 Ne6 61. Bb7 Rh4+ 62. Kb5 Bc3 63. R1d6 Rb4+ 64. Kc6 Be5 65. Rd5 f4 66. Rd3 Rb2 67. Ba7 Rg8 68. Rd2 f3 69. Rxb2 Bxb2 70. Rd2 Bc3 71. Ra2 fxg2 72. Rxg2 Nf4 73. Rg1 Bd4 74. Rf1 g2 75. Rxf4+ Ke5 76. Rxd4 g1=Q 77. Rd5+ Ke6 78. Rd6+ Ke7 79. Rd7+ Ke8 80. Kc7 Rg7 81. Rxg7 Qxg7+ 82. Kb8 Qe5+ 83. Ka8 Qa1 84. Kb8 Qe5+ 85. Ka8 Qf6 86. Bb6 Qd4 87. Ka7 Qa1+ 88. Kb8 Qb2 89. Ka7 Qa3+ 90. Kb8 Qb4 91. Ka7 Qa4+ 92. Kb8 Qb5 93. Ka7 Qa4+ 94. Kb8 Qf4+ 95. Bc7 Qf8 96. c6 Ke7+ 97. Ka7 Qh8 98. Ba6 Qc3 99. Kb7 Qf3 100. Ba5 Qd5 101. Bc7 Qe4 102. Bb6 Qd5 103. Bc7 Ke6 104. Bb8 Qb3+ 105. Ka7 Qe3+ 106. Kb7 Qe4 107. Kb6 Qb4+ 108. Ka7 Qc5+ 109. Kb7 Qd5 110. Kb6 Qb3+ 111. Ka7 Qe3+ 112. Kb7 Qf3 113. Bc4+ Ke7 114. Ba6 Kd8 115. Bc7+ Ke8 116. Bb5 Qd5 117. Ka6 Ke7 118. Ba5 Kd6 119. c7 Qf5 120. Bb6 Qc8+ 121. Ka7 Qxc7+ 122. Bxc7+ Kxc7 1/2-1/2

[Event "Cracovia Festival-A 2023"]
[Site "Krakow"]
[Date "2023.12.28"]
[Round "2.37"]
[White "Turski, Bartlomiej"]
[Black "Szczurek, Krzysztof"]
[Result "1/2-1/2"]
[ECO "B90"]
[WhiteElo "2380"]
[BlackElo "2175"]
[Annotator "ChessBase"]
[PlyCount "120"]
[EventDate "2023.12.24"]
[EventType "swiss"]
[EventCountry "POL"]
[SourceTitle "playchess.com"]
[Source "ChessBase"]
[SourceQuality "1"]
[TimeControl "40/5400+30:1800+30"]

1. e4 c5 2. Nf3 d6 3. d4 cxd4 4. Nxd4 Nf6 5. Nc3 a6 6. Rg1 e5 7. Nb3 Be6 8. g4 d5 9. exd5 Nxd5 10. Nxd5 Bxd5 11. Rg3 Be6 12. Qxd8+ Kxd8 13. Bd2 Nc6 14. Na5 Nd4 15. O-O-O Kc7 16. Rc3+ Kb8 17. Bf4 exf4 18. Rxd4 Be7 19. Rcd3 Kc7 20. Bg2 Rad8 21. Rc3+ Kb6 22. Rxd8 Rxd8 23. Nxb7 f3 24. Bxf3 Bg5+ 25. Kb1 Rd2 26. Rc6+ Ka7 27. Nc5 Bd5 28. Rxa6+ Kb8 29. Nd7+ Kc7 30. Ra7+ Kd8 31. Ne5 Bxf3 32. a4 Bd5 33. c4 Be4+ 34. Ka2 Bf6 35. f4 Bxe5 36. fxe5 Rd7 37. Rxd7+ Kxd7 38. b4 Ke6 39. Kb3 Kxe5 40. b5 Kd6 41. Kb4 h5 42. g5 f5 43. gxf6 gxf6 44. c5+ Kc7 45. Kc3 f5 46. Kd4 Bc2 47. Ke5 Kb7 48. a5 Bd3 49. h4 Bxb5 50. Kxf5 Bd7+ 51. Kg6 Bg4 52. Kg5 Kc7 53. a6 Kc6 54. Kh6 Bf3 55. Kg5 Kc7 56. Kh6 Kc6 57. Kg5 Kxc5 58. a7 Kb6 59. a8=B Bxa8 60. Kxh5 Bf3+ 1/2-1/2

[Event "Cracovia Festival-A 2023"]
[Site "Krakow"]
[Date "2023.12.28"]
[Round "2.38"]
[White "Loftgaard, Mikkel Vinh"]
[Black "Vasynda, Oleksandr"]
[Result "0-1"]
[ECO "B31"]
[WhiteElo "2322"]
[BlackElo "2153"]
[Annotator "ChessBase"]
[PlyCount "76"]
[EventDate "2023.12.24"]
[EventType "swiss"]
[EventCountry "POL"]
[SourceTitle "playchess.com"]
[Source "ChessBase"]
[SourceQuality "1"]
[TimeControl "40/5400+30:1800+30"]

1. e4 c5 2. Nf3 Nc6 3. Bb5 g6 4. O-O Bg7 5. Re1 e5 6. c3 Nge7 7. d4 cxd4 8. cxd4 exd4 9. Bf4 a6 10. Bc4 d6 11. Nbd2 O-O 12. Bb3 Ne5 13. Qe2 N7c6 14. h3 Kh8 15. Bd5 Nb4 16. Rf1 Nxd5 17. exd5 Bf5 18. Nxe5 dxe5 19. Bxe5 Qxd5 20. Bxg7+ Kxg7 21. Rfd1 Rfe8 22. Qf3 Rad8 23. Qxd5 Rxd5 24. Nb3 Bc2 25. Rd2 Bxb3 26. axb3 Rb5 27. Rxd4 Re2 28. Rc1 Rxb2 29. Rc7 R2xb3 30. Rdd7 Rb1+ 31. Kh2 Rf5 32. f3 b5 33. Rc6 a5 34. Ra7 b4 35. Rca6 b3 36. Rxa5 b2 37. Rxf5 Rh1+ 38. Kg3 gxf5 0-1

[Event "Cracovia Festival-A 2023"]
[Site "Krakow"]
[Date "2023.12.28"]
[Round "2.39"]
[White "Ongut, Tamas Gunes"]
[Black "Hnatyshyn, Anastasiia"]
[Result "1/2-1/2"]
[ECO "B13"]
[WhiteElo "2313"]
[BlackElo "2152"]
[Annotator "ChessBase"]
[PlyCount "73"]
[EventDate "2023.12.24"]
[EventType "swiss"]
[EventCountry "POL"]
[SourceTitle "playchess.com"]
[Source "ChessBase"]
[SourceQuality "1"]
[TimeControl "40/5400+30:1800+30"]

1. e4 c6 2. d4 d5 3. exd5 cxd5 4. Bd3 Nc6 5. c3 Nf6 6. h3 Qc7 7. Nf3 g6 8. O-O Bg7 9. Re1 O-O 10. a4 Bf5 11. Ne5 Nxe5 12. Bxf5 gxf5 13. dxe5 Ne4 14. f3 Nc5 15. Qxd5 Rfd8 16. Qc4 Bxe5 17. Na3 Bg3 18. Nb5 Qd7 19. Rf1 Ne6 20. Be3 Rac8 21. Qe2 a6 22. Rfd1 Qe8 23. Nd4 Nxd4 24. Bxd4 e5 25. Bf2 Bf4 26. Rxd8 Rxd8 27. Rd1 Rc8 28. g3 Bg5 29. Rd5 Bf6 30. Qd3 e4 31. fxe4 fxe4 32. Qd2 Qe6 33. Rd6 Qf5 34. g4 Qf3 35. Qe3 Kg7 36. Qxf3 exf3 37. Rd5 1/2-1/2

[Event "Cracovia Festival-A 2023"]
[Site "Krakow"]
[Date "2023.12.28"]
[Round "2.40"]
[White "Pniaczek, Marek"]
[Black "Lukasiewicz, Krzysztof"]
[Result "0-1"]
[ECO "B11"]
[WhiteElo "2135"]
[BlackElo "2290"]
[Annotator "ChessBase"]
[PlyCount "88"]
[EventDate "2023.12.24"]
[EventType "swiss"]
[EventCountry "POL"]
[SourceTitle "playchess.com"]
[Source "ChessBase"]
[SourceQuality "1"]
[TimeControl "40/5400+30:1800+30"]

1. e4 c6 2. Nf3 d5 3. Nc3 Bg4 4. h3 Bxf3 5. Qxf3 e6 6. Be2 Bc5 7. Qg3 Bd4 8. exd5 exd5 9. O-O Ne7 10. Bd1 O-O 11. Ne2 Bb6 12. d4 Nd7 13. c3 Re8 14. Bc2 Ng6 15. Qf3 Qf6 16. Qxf6 Nxf6 17. Be3 Bc7 18. Rae1 Re6 19. g3 Rae8 20. Kg2 Ne4 21. Bxe4 Rxe4 22. Nc1 f5 23. Nd3 Bd6 24. Bd2 Kf7 25. f4 Re2+ 26. Rxe2 Rxe2+ 27. Rf2 Rxf2+ 28. Kxf2 Ne7 29. Ne5+ Ke6 30. Kf3 Ng8 31. g4 Nf6 32. Nd3 g6 33. Be1 fxg4+ 34. hxg4 h5 35. gxh5 gxh5 36. Bh4 Ne4 37. Be1 Kf5 38. Bh4 Nd2+ 39. Ke2 Kg4 40. Bg5 Ne4 41. Bh6 h4 42. Kf1 Kg3 43. Kg1 h3 44. f5 Kg4 0-1

[Event "Cracovia Festival-A 2023"]
[Site "Krakow"]
[Date "2023.12.28"]
[Round "2.41"]
[White "Katsanis, Vasileios Dim"]
[Black "Nemsadze, Daviti"]
[Result "0-1"]
[ECO "E32"]
[WhiteElo "2133"]
[BlackElo "2253"]
[Annotator "ChessBase"]
[PlyCount "100"]
[EventDate "2023.12.24"]
[EventType "swiss"]
[EventCountry "POL"]
[SourceTitle "playchess.com"]
[Source "ChessBase"]
[SourceQuality "1"]
[TimeControl "40/5400+30:1800+30"]

1. d4 Nf6 2. c4 e6 3. Nc3 Bb4 4. Qc2 O-O 5. a3 Bxc3+ 6. Qxc3 b6 7. Bg5 Bb7 8. e3 h6 9. Bh4 c5 10. dxc5 bxc5 11. f3 Nc6 12. Bd3 Ba6 13. Ne2 d6 14. b4 Ne5 15. b5 Bb7 16. O-O Nxd3 17. Qxd3 d5 18. Rfd1 Qe7 19. a4 Rfd8 20. Qc3 Rac8 21. Rac1 g5 22. Bf2 e5 23. cxd5 Nxd5 24. Qb3 e4 25. Ng3 exf3 26. e4 Nf4 27. Qxf3 Rxd1+ 28. Rxd1 Qe6 29. h4 a6 30. bxa6 Bxa6 31. hxg5 hxg5 32. Rc1 c4 33. Bd4 Bb7 34. Qc3 Rd8 35. Qxc4 Qg4 36. Bf2 Rc8 37. Qf1 Rxc1 38. Qxc1 Qxg3 39. Bxg3 Ne2+ 40. Kf2 Nxc1 41. Ke3 Nb3 42. Bd6 Kg7 43. Bb4 Kf6 44. g3 Ke5 45. Bc3+ Ke6 46. Bb4 Ba6 47. a5 Nc1 48. Kf3 Nd3 49. Bc3 Bb7 50. Kg4 Nf2+ 0-1

[Event "Cracovia Festival-A 2023"]
[Site "Krakow"]
[Date "2023.12.28"]
[Round "2.42"]
[White "Piekielny, Pawel"]
[Black "Kazantzoglou, Stefanos"]
[Result "1-0"]
[ECO "C78"]
[WhiteElo "2250"]
[BlackElo "2152"]
[Annotator "ChessBase"]
[PlyCount "79"]
[EventDate "2023.12.24"]
[EventType "swiss"]
[EventCountry "POL"]
[SourceTitle "playchess.com"]
[Source "ChessBase"]
[SourceQuality "1"]
[TimeControl "40/5400+30:1800+30"]

1. e4 e5 2. Nf3 Nc6 3. Bb5 a6 4. Ba4 Nf6 5. O-O b5 6. Bb3 Bc5 7. Nc3 O-O 8. d3 h6 9. Nd5 d6 10. c3 Rb8 11. h3 Nxd5 12. Bxd5 Ne7 13. Bb3 Bb6 14. Nh4 Kh7 15. Qh5 Ng8 16. Be3 Bxe3 17. fxe3 Qg5 18. Bxf7 Rxf7 19. Qxf7 Qxh4 20. Qxc7 Bxh3 21. Rf3 Rc8 22. Qxd6 Bg4 23. Qxe5 Bxf3 24. Qf5+ Kh8 25. Qxc8 Qg5 26. Qh3 Be2 27. d4 Nf6 28. e5 Bg4 29. Qg3 Nh5 30. Qf2 Bf5 31. Kh2 g6 32. a4 bxa4 33. Rxa4 Nf6 34. exf6 Qh5+ 35. Kg1 Qd1+ 36. Qf1 Qd2 37. Qf4 Qd1+ 38. Kf2 Qc2+ 39. Kg3 g5 40. Qc7 1-0

[Event "Cracovia Festival-A 2023"]
[Site "Krakow"]
[Date "2023.12.28"]
[Round "2.43"]
[White "Babiarz, Arkadiusz"]
[Black "Ramirez Garcia, Jorge Alberto"]
[Result "1/2-1/2"]
[ECO "B10"]
[WhiteElo "2129"]
[BlackElo "2249"]
[Annotator "ChessBase"]
[PlyCount "80"]
[EventDate "2023.12.24"]
[EventType "swiss"]
[EventCountry "POL"]
[SourceTitle "playchess.com"]
[Source "ChessBase"]
[SourceQuality "1"]
[TimeControl "40/5400+30:1800+30"]

1. e4 c6 2. Nf3 d5 3. d3 dxe4 4. dxe4 Qxd1+ 5. Kxd1 g6 6. Nbd2 Bh6 7. Ne5 Nf6 8. f3 Be6 9. Bc4 Nfd7 10. Nxd7 Kxd7 11. Bxe6+ Kxe6 12. Nb3 Bxc1 13. Rxc1 b6 14. Ke2 c5 15. Rhd1 Nc6 16. c3 g5 17. Rd5 Ne5 18. Rcd1 h6 19. Nd2 f5 20. Nf1 fxe4 21. fxe4 Rhf8 22. g3 Ng4 23. Rf5 Rad8 24. Rxd8 Rxd8 25. h3 Nf6 26. Rf3 h5 27. Nd2 g4 28. Rf1 Ke5 29. Rf5+ Ke6 30. Rf1 Nd7 31. Rf5 Rh8 32. h4 Nf6 33. Rg5 Rd8 34. Rg7 Rf8 35. Ke3 Nd7 36. Rg5 Nf6 37. Rf5 Rd8 38. Rf2 Rd7 39. Rf4 Rd8 40. Rf2 Rd7 1/2-1/2

[Event "Cracovia Festival-A 2023"]
[Site "Krakow"]
[Date "2023.12.28"]
[Round "2.44"]
[White "Panek, Bartosz"]
[Black "Aakash Sharadchandra, Dalvi"]
[Result "0-1"]
[ECO "B40"]
[WhiteElo "2232"]
[BlackElo "2130"]
[Annotator "ChessBase"]
[PlyCount "60"]
[EventDate "2023.12.24"]
[EventType "swiss"]
[EventCountry "POL"]
[SourceTitle "playchess.com"]
[Source "ChessBase"]
[SourceQuality "1"]
[TimeControl "40/5400+30:1800+30"]

1. e4 c5 2. Nf3 e6 3. c3 Nf6 4. e5 Nd5 5. a3 d6 6. d4 cxd4 7. c4 Nc7 8. Bg5 Be7 9. Bxe7 Qxe7 10. exd6 Qxd6 11. Qxd4 Qxd4 12. Nxd4 e5 13. Nf3 Nc6 14. Nc3 Bg4 15. Be2 O-O-O 16. O-O f5 17. h3 Bxf3 18. Bxf3 e4 19. Bd1 Rd2 20. b4 Rhd8 21. Rc1 R8d3 22. f3 e3 23. Re1 Nd4 24. Kf1 Rf2+ 25. Kg1 f4 26. Ne4 Rdd2 27. g3 Rxd1 28. Nxf2 Rxe1+ 29. Rxe1 Nxf3+ 30. Kf1 exf2 0-1

[Event "Cracovia Festival-A 2023"]
[Site "Krakow"]
[Date "2023.12.28"]
[Round "2.45"]
[White "Fodor, Balazs"]
[Black "Gaurav Rajesh Zagade"]
[Result "1-0"]
[ECO "D30"]
[WhiteElo "2225"]
[BlackElo "2126"]
[Annotator "ChessBase"]
[PlyCount "81"]
[EventDate "2023.12.24"]
[EventType "swiss"]
[EventCountry "POL"]
[SourceTitle "playchess.com"]
[Source "ChessBase"]
[SourceQuality "1"]
[TimeControl "40/5400+30:1800+30"]

1. d4 d5 2. c4 e6 3. Nf3 a6 4. g3 dxc4 5. Bg2 Nc6 6. O-O Rb8 7. e3 b5 8. b3 cxb3 9. axb3 Nf6 10. Bb2 Bb7 11. Qe2 Nb4 12. Rc1 Be7 13. Nbd2 Ne4 14. Ba3 Nxd2 15. Qxd2 Nd5 16. Bxe7 Nxe7 17. Rc5 O-O 18. Ne5 Bxg2 19. Kxg2 f6 20. Nd3 Qd6 21. Rac1 Rb7 22. b4 Rd8 23. Qa2 Kf7 24. h4 g6 25. Nf4 Rd7 26. e4 Rb6 27. d5 exd5 28. exd5 Nf5 29. Rc6 Nxh4+ 30. Kf1 Qxb4 31. d6+ Kg7 32. Qe6 Rxd6 33. Qe7+ Kh6 34. Rxc7 Kg5 35. R7c5+ Kg4 36. Qe2+ Nf3 37. Kg2 Qb3 38. R5c3 Qf7 39. Qxf3+ Kg5 40. Qe3 Qb7+ 41. f3 1-0

[Event "Cracovia Festival-A 2023"]
[Site "Krakow"]
[Date "2023.12.28"]
[Round "2.46"]
[White "Kaim, Piotr"]
[Black "Dziewonski, Dariusz"]
[Result "0-1"]
[ECO "B22"]
[WhiteElo "2127"]
[BlackElo "2224"]
[Annotator "ChessBase"]
[PlyCount "132"]
[EventDate "2023.12.24"]
[EventType "swiss"]
[EventCountry "POL"]
[SourceTitle "playchess.com"]
[Source "ChessBase"]
[SourceQuality "1"]
[TimeControl "40/5400+30:1800+30"]

1. e4 c5 2. c3 Nf6 3. e5 Nd5 4. d4 cxd4 5. Nf3 e6 6. cxd4 d6 7. Bc4 Nb6 8. Bb3 dxe5 9. Nxe5 N8d7 10. Qe2 Nxe5 11. dxe5 Be7 12. O-O O-O 13. Nc3 Bd7 14. Bf4 Bc6 15. Rad1 Qc7 16. Rd3 Rfd8 17. Rh3 g6 18. Rc1 Qd7 19. Rd1 Qe8 20. Rhd3 Rxd3 21. Rxd3 Rd8 22. Ne4 Rxd3 23. Qxd3 Qd8 24. Qxd8+ Bxd8 25. Nd6 Nd7 26. Bc2 Bb6 27. Nc8 Bc5 28. b4 Bxb4 29. Nxa7 Bd5 30. a4 Bc3 31. Nc8 Kf8 32. Bh6+ Ke8 33. Nd6+ Ke7 34. f4 Bd4+ 35. Kf1 f6 36. Nb5 fxe5 37. Nxd4 exd4 38. Bg7 Nf6 39. g3 Kf7 40. Bh8 Bc4+ 41. Kf2 e5 42. fxe5 Ng4+ 43. Kf3 Nxh2+ 44. Ke4 d3 45. Bxd3 Bxd3+ 46. Kxd3 Ng4 47. e6+ Kxe6 48. Ke4 g5 49. Bc3 Nf6+ 50. Kd4 Kf5 51. a5 h5 52. Be1 Nd7 53. Kd5 Ne5 54. Kd6 Nd3 55. Bd2 h4 56. gxh4 gxh4 57. Be3 h3 58. Bg1 Ne5 59. Kc7 Nc4 60. Kxb7 Nxa5+ 61. Kc7 Nc4 62. Bh2 Ne5 63. Bg3 Nc4 64. Kd7 Nd2 65. Ke7 Nf1 66. Bc7 Kg4 0-1

[Event "Cracovia Festival-A 2023"]
[Site "Krakow"]
[Date "2023.12.28"]
[Round "2.47"]
[White "Gierulski, Kamil"]
[Black "Pacuszka, Tomasz"]
[Result "1/2-1/2"]
[ECO "B12"]
[WhiteElo "2223"]
[BlackElo "2124"]
[Annotator "ChessBase"]
[PlyCount "85"]
[EventDate "2023.12.24"]
[EventType "swiss"]
[EventCountry "POL"]
[SourceTitle "playchess.com"]
[Source "ChessBase"]
[SourceQuality "1"]
[TimeControl "40/5400+30:1800+30"]

1. e4 c6 2. d4 d5 3. e5 Bf5 4. Nf3 e6 5. Be2 c5 6. c3 Nc6 7. O-O cxd4 8. Nxd4 Nxd4 9. cxd4 Ne7 10. Nc3 Nc6 11. g4 Bg6 12. f4 f5 13. exf6 gxf6 14. f5 Bf7 15. fxe6 Bxe6 16. g5 f5 17. Bd3 Qd7 18. Qh5+ Kd8 19. Bf4 Bg7 20. Kh1 Bxd4 21. Nb5 Be5 22. Rae1 Bxf4 23. Rxf4 a6 24. Qh6 Re8 25. Qf6+ Re7 26. g6 hxg6 27. Rh4 axb5 28. Rh8+ Kc7 29. Rxa8 d4 30. Kg1 Bc4 31. Rxe7 Qxe7 32. Qxe7+ Nxe7 33. Bf1 g5 34. h3 d3 35. Kf2 Nd5 36. b3 d2 37. Be2 Bd3 38. Bd1 f4 39. Rg8 Ne3 40. Bf3 Be4 41. Be2 Bd3 42. Bf3 Be4 43. Be2 1/2-1/2

[Event "Cracovia Festival-A 2023"]
[Site "Krakow"]
[Date "2023.12.28"]
[Round "2.48"]
[White "Bilczewski, Kacper"]
[Black "Jaskolka, Tomasz"]
[Result "1/2-1/2"]
[ECO "C15"]
[WhiteElo "2125"]
[BlackElo "2222"]
[Annotator "ChessBase"]
[PlyCount "143"]
[EventDate "2023.12.24"]
[EventType "swiss"]
[EventCountry "POL"]
[SourceTitle "playchess.com"]
[Source "ChessBase"]
[SourceQuality "1"]
[TimeControl "40/5400+30:1800+30"]

1. e4 e6 2. d4 d5 3. Nc3 Bb4 4. exd5 exd5 5. Bd3 Nf6 6. Nge2 O-O 7. O-O Bg4 8. f3 Be6 9. Nf4 c5 10. a3 Ba5 11. dxc5 Bxc3 12. bxc3 Qa5 13. Be3 Qxc3 14. Qe1 Qe5 15. Rb1 Re8 16. Nxe6 Rxe6 17. Bf2 Qg5 18. Qc1 Qxc1 19. Rfxc1 b6 20. cxb6 axb6 21. Bxb6 Nbd7 22. Bd4 Rxa3 23. Ra1 Rxa1 24. Rxa1 g6 25. Ra8+ Kg7 26. f4 h5 27. f5 Re7 28. Ra7 Kf8 29. fxg6 fxg6 30. Bxg6 Re6 31. Bf5 Re7 32. Bc3 Ke8 33. Bg6+ Kd8 34. Ra6 Ne4 35. Ba5+ Kc8 36. Bxh5 Kb7 37. Rh6 Ne5 38. Bg6 Nc6 39. Be1 Re6 40. Rh7+ Ka6 41. Bf7 Rd6 42. Rh5 Nf6 43. Rh6 Ne5 44. Bh4 Neg4 45. Rg6 Rb6 46. g3 Ka7 47. Bxf6 Nxf6 48. Kg2 Rc6 49. Rxf6 Rxf6 50. Bxd5 Kb6 51. g4 Kc5 52. c4 Kd4 53. g5 Rf4 54. Kg3 Ke5 55. h4 Rd4 56. g6 Kf6 57. h5 Kg7 58. Bf7 Re4 59. Bd5 Rd4 60. Bf7 Re4 61. Kf3 Rh4 62. h6+ Rxh6 63. Ke4 Rh5 64. Kd4 Kf6 65. c5 Rg5 66. Kc4 Ke7 67. Kb5 Kd7 68. Kb6 Rg1 69. c6+ Kd6 70. g7 Rb1+ 71. Ka7 Rg1 72. g8=Q 1/2-1/2

[Event "Cracovia Festival-A 2023"]
[Site "Krakow"]
[Date "2023.12.28"]
[Round "2.49"]
[White "Eke, Salih"]
[Black "Zalega, Maciej"]
[Result "1-0"]
[ECO "E73"]
[WhiteElo "2217"]
[BlackElo "2113"]
[Annotator "ChessBase"]
[PlyCount "69"]
[EventDate "2023.12.24"]
[EventType "swiss"]
[EventCountry "POL"]
[SourceTitle "playchess.com"]
[Source "ChessBase"]
[SourceQuality "1"]
[TimeControl "40/5400+30:1800+30"]

1. d4 Nf6 2. c4 g6 3. Nc3 Bg7 4. e4 d6 5. Be2 O-O 6. Be3 e5 7. d5 Na6 8. h4 Nc5 9. Qc2 a5 10. h5 c6 11. h6 Bh8 12. Bxc5 dxc5 13. Nf3 cxd5 14. cxd5 Ne8 15. Nb5 b6 16. a4 Ba6 17. Nc3 Bc8 18. O-O-O Nd6 19. Nb5 Bg4 20. Nxd6 Qxd6 21. Kb1 Bxf3 22. Bxf3 Bf6 23. Be2 Bg5 24. g3 Rad8 25. Rdf1 Rc8 26. Bc4 Kh8 27. Qc3 f5 28. f4 Bf6 29. exf5 gxf5 30. fxe5 Qxe5 31. Qc2 Qe4 32. Rh5 Qe3 33. Rhxf5 Qxh6 34. g4 Bg7 35. Rh5 1-0

[Event "Cracovia Festival-A 2023"]
[Site "Krakow"]
[Date "2023.12.28"]
[Round "2.50"]
[White "van der Merwe, Alexander"]
[Black "Selbes, Tamer Tarik"]
[Result "1/2-1/2"]
[ECO "C55"]
[WhiteElo "2113"]
[BlackElo "2185"]
[Annotator "ChessBase"]
[PlyCount "145"]
[EventDate "2023.12.24"]
[EventType "swiss"]
[EventCountry "POL"]
[SourceTitle "playchess.com"]
[Source "ChessBase"]
[SourceQuality "1"]
[TimeControl "40/5400+30:1800+30"]

1. e4 e5 2. Nf3 Nc6 3. Bc4 Nf6 4. d3 h6 5. a4 a5 6. h3 Bc5 7. c3 d6 8. Nbd2 Ba7 9. Nf1 O-O 10. Ng3 Be6 11. Bxe6 fxe6 12. O-O Rf7 13. Be3 d5 14. Qe2 Nd7 15. Rae1 d4 16. cxd4 exd4 17. Bd2 Nc5 18. Ra1 Nb3 19. Ra3 Nxd2 20. Nxd2 Bc5 21. Raa1 Bd6 22. Nc4 Qh4 23. e5 Bb4 24. Kh2 Raf8 25. Rad1 Be7 26. Ne4 Qf4+ 27. g3 Qf3 28. Qxf3 Rxf3 29. Kg2 R3f5 30. f4 b6 31. Rf3 g5 32. Rdf1 Nb4 33. Na3 Nd5 34. Nc2 gxf4 35. Nxd4 Ne3+ 36. Rxe3 fxe3 37. Nxf5 exf5 38. Nc3 Rd8 39. Rd1 Bc5 40. Kf3 Bd4 41. Kf4 Re8 42. Kxf5 Rxe5+ 43. Kf4 Rc5 44. Ne2 Bxb2 45. Kxe3 Rg5 46. d4 Ba3 47. g4 Rg7 48. Nc3 h5 49. Ne4 hxg4 50. hxg4 Kf8 51. Kf4 Ke7 52. g5 c6 53. d5 Rf7+ 54. Kg4 cxd5 55. Rxd5 Rf1 56. Rb5 Bc1 57. Nc3 Kd7 58. Ne2 Be3 59. Re5 Bc5 60. g6 Bf8 61. Rf5 Rxf5 62. Kxf5 Bg7 63. Nf4 b5 64. axb5 a4 65. Nd3 a3 66. Nc1 Kd6 67. Ke4 Kc5 68. Kd3 Kxb5 69. Kc2 Kc4 70. Na2 Bb2 71. Nc1 Bg7 72. Na2 Bb2 73. Nc1 1/2-1/2

[Event "Cracovia Festival-A 2023"]
[Site "Krakow"]
[Date "2023.12.28"]
[Round "2.51"]
[White "Zdybel, Przemyslaw"]
[Black "Krainski, Aleksander"]
[Result "1-0"]
[ECO "C41"]
[WhiteElo "2180"]
[BlackElo "2102"]
[Annotator "ChessBase"]
[PlyCount "79"]
[EventDate "2023.12.24"]
[EventType "swiss"]
[EventCountry "POL"]
[SourceTitle "playchess.com"]
[Source "ChessBase"]
[SourceQuality "1"]
[TimeControl "40/5400+30:1800+30"]

1. e4 e5 2. Nf3 d6 3. d4 Nf6 4. Nc3 Nc6 5. dxe5 Nxe5 6. Nxe5 dxe5 7. Qxd8+ Kxd8 8. Bg5 c6 9. O-O-O+ Ke8 10. f4 h6 11. Bxf6 gxf6 12. fxe5 fxe5 13. Bc4 b5 14. Bb3 Be7 15. Rdf1 Be6 16. Bxe6 fxe6 17. Kd1 Rd8+ 18. Ke2 Rd4 19. Rd1 Bb4 20. Rxd4 exd4 21. Nd1 Ke7 22. Nf2 e5 23. a4 Rg8 24. g3 Kd6 25. Nd3 Ba5 26. Rf1 Rg6 27. Rf7 Bb6 28. axb5 cxb5 29. Nb4 Ke6 30. Rf5 Bc5 31. Nd5 Bd6 32. b4 Rg4 33. Rf6+ Kd7 34. Kd3 h5 35. Rh6 Rg5 36. Rh7+ Kc6 37. Rxa7 h4 38. g4 h3 39. Ke2 Bb8 40. Ra6+ 1-0

[Event "Cracovia Festival-A 2023"]
[Site "Krakow"]
[Date "2023.12.29"]
[Round "3.1"]
[White "Puranik, Abhimanyu"]
[Black "Schwabeneder, Florian"]
[Result "1/2-1/2"]
[ECO "E11"]
[WhiteElo "2627"]
[BlackElo "2402"]
[Annotator "ChessBase"]
[PlyCount "83"]
[EventDate "2023.12.24"]
[EventType "swiss"]
[EventCountry "POL"]
[SourceTitle "playchess.com"]
[Source "ChessBase"]
[SourceQuality "1"]
[TimeControl "40/5400+30:1800+30"]

1. d4 Nf6 2. c4 e6 3. Nf3 Bb4+ 4. Nbd2 O-O 5. a3 Be7 6. e4 d6 7. Bd3 e5 8. O-O exd4 9. Nxd4 Nfd7 10. f4 Bf6 11. N2f3 Nc6 12. Nxc6 bxc6 13. Qc2 g6 14. Be3 Bg7 15. Rad1 a5 16. c5 Nxc5 17. Bxc5 dxc5 18. e5 Qe7 19. h3 Rb8 20. Rf2 Bh6 21. Nd2 Be6 22. Re1 Bd5 23. Ne4 Bg7 24. Bc4 Rfd8 25. Kh2 f5 26. Nd2 Qe6 27. Bf1 Bf8 28. Nc4 Ra8 29. Rd1 Kh8 30. Qc3 a4 31. Ne3 Rd7 32. g4 fxg4 33. hxg4 Rb8 34. g5 Rb3 35. Bh3 Qe7 36. Qe1 Rd8 37. Rfd2 h6 38. Qg3 Bg7 39. gxh6 Bxh6 40. Rf2 Be4 41. Rxd8+ Qxd8 42. Bg2 1/2-1/2

[Event "Cracovia Festival-A 2023"]
[Site "Krakow"]
[Date "2023.12.29"]
[Round "3.2"]
[White "Dzida, Kamil"]
[Black "Gumularz, Szymon"]
[Result "1/2-1/2"]
[ECO "C15"]
[WhiteElo "2396"]
[BlackElo "2576"]
[Annotator "ChessBase"]
[PlyCount "69"]
[EventDate "2023.12.24"]
[EventType "swiss"]
[EventCountry "POL"]
[SourceTitle "playchess.com"]
[Source "ChessBase"]
[SourceQuality "1"]
[TimeControl "40/5400+30:1800+30"]

1. e4 e6 2. d4 d5 3. Nc3 Bb4 4. exd5 exd5 5. Bd3 Nc6 6. a3 Bxc3+ 7. bxc3 Nge7 8. Qf3 Be6 9. Rb1 b6 10. Ne2 Qd7 11. O-O Bf5 12. Qg3 O-O 13. Bf4 Bxd3 14. cxd3 Rac8 15. Rfe1 Rfe8 16. h4 Kh8 17. h5 h6 18. Qf3 Ng8 19. Ng3 Re6 20. Nf1 Rce8 21. Re3 Nd8 22. Rbe1 c5 23. dxc5 bxc5 24. c4 d4 25. Rxe6 Rxe6 26. Rb1 Rb6 27. Rxb6 axb6 28. Qa8 Kh7 29. Qb8 Nf6 30. Qxb6 Nxh5 31. Qd6 Qg4 32. Bd2 Ne6 33. f3 Qg6 34. Qe5 Nf6 35. Qe2 1/2-1/2